 Dungeon Crawl Stone Soup version 0.23.2-30-g0e89c35649 (webtiles) character file.

Game seed: 4571299762222995663

9676 palmtree the Basher (level 11, -5/99 HPs)
             Began as a Minotaur Berserker on June 17, 2019.
             Was an Elder of Trog.
             Slain by an orc warrior
             ... wielding a +0 glaive
              (13 damage)
             ... on level 10 of the Dungeon.
             The game lasted 00:13:22 (10712 turns).

palmtree the Basher (Minotaur Berserker)           Turns: 10712, Time: 00:13:23

Health: -5/99      AC: 22    Str: 21    XL:     11   Next: 26%
Magic:  10/10      EV:  9    Int:  4    God:    Trog [****..]
Gold:   1672       SH:  0    Dex: 14    Spells: 10/10 levels left

rFire    . . .     SeeInvis .   q - +2 dire flail (protect)
rCold    . . .     Gourm    .   (shield currently unavailable)
rNeg     . . .     Faith    .   g - +0 plate armour
rPois    .         Spirit   .   (helmet restricted)
rElec    .         Reflect  .   (no cloak)
rCorr    .         Harm     .   (no gloves)
MR       .....                  (no boots)
Stlth    ..........             (no amulet)
HPRegen  0.26/turn              (no ring)
MPRegen  0.12/turn              (no ring)

@: protection aura
A: retaliatory headbutt, horns 2
a: Berserk, Trog's Hand, Brothers in Arms, Renounce Religion


You were on level 10 of the Dungeon.
You worshipped Trog.
Trog was greatly pleased with you.
You were not hungry.

You visited 1 branch of the dungeon, and saw 9 of its levels.

You collected 1672 gold pieces.

Inventory:

Hand Weapons
 q - a +2 dire flail of protection (weapon)
 w - a +2 shortbow of flaming
Armour
 g - a +0 plate armour (worn)
Jewellery
 E - an uncursed ring of ice {unknown}
Wands
 r - a wand of clouds (3)
 x - a wand of disintegration (7)
 y - a wand of digging (4)
 C - a wand of iceblast (9)
Scrolls
 a - 4 scrolls of remove curse
 d - 7 scrolls of identify
 e - a scroll of random uselessness {unknown}
 j - a scroll of fear
 k - 2 scrolls of teleportation
 n - 3 scrolls of magic mapping {unknown}
 t - 2 scrolls of blinking {unknown}
 u - a scroll of acquirement {unknown}
 v - a scroll of fog {unknown}
 z - a scroll of noise {unknown}
 A - 2 scrolls of enchant weapon {unknown}
 G - a scroll of immolation {unknown}
Potions
 b - 2 potions of lignification
 f - a potion of mutation
 h - 4 potions of curing
 i - 2 potions of agility {unknown}
 l - 2 potions of haste {unknown}
 m - a potion of might {unknown}
 o - a potion of invisibility {unknown}
 p - a potion of berserk rage {unknown}
 s - 3 potions of heal wounds {unknown}
 B - 2 potions of flight {unknown}
 D - 2 potions of degeneration {unknown}
 F - a potion of magic {unknown}
Comestibles
 c - 16 rations


   Skills:
 + Level 10.0 Fighting
 + Level 14.4 Maces & Flails
 + Level 11.0 Armour
 * Level 5.3 Dodging


You had 10 spell levels left.
You didn't know any spells.
Your spell library was empty.

Dungeon Overview and Level Annotations

Branches:
Dungeon (10/15)            Temple (0/1) D:5            Lair (0/6) D:9
    Orc: D:9-12

Altars:
Cheibriados
Dithmenos
Kikubaaqudgha
Makhleb
Nemelex Xobeh
Okawaru
Ru
Uskayaw
Vehumet
Zin
The Shining One

Shops:
D:5 :


Innate Abilities, Weirdness & Mutations

You reflexively headbutt those who attack you in melee.
You have a pair of horns on your head.


Message History

You closely miss something. The troll bites you but does no damage.
The troll claws you but does no damage. The troll claws you.
* * * LOW HITPOINT WARNING * * *
Something hits you but does no damage. The orc hits you but does no damage.
The orc barely misses you.
You hit something. Trog accepts your kill.
Trog appreciates your killing of a magic user.
Reactivating autopickup.
You feel a bit more experienced. The orc hits you with a +0 flail.
* * * LOW HITPOINT WARNING * * *
The troll barely misses you. You furiously retaliate!
You headbutt the troll.
The troll claws you but does no damage. x2; The orc warrior closely misses you.
The troll bites you.
* * * LOW HITPOINT WARNING * * *
The troll completely misses you. The troll claws you but does no damage.
Things that are here:
a +0 dagger; a +0 robe The orc warrior hits you from afar with a +0 glaive!
You die...

#..######.#.####....##.# #.#
#
#.......#>#(...........####.#
#
##.####)#.######............#
# #.#
#...........#..######..#####
###
###########.#.รท##...........
#8 ##.# #.#.........<.....
...#...##.##.##.##########
......oT#.##.##.####.#
......oo)@##........#.####
.....$oo#######.##.###....
...#..)########.###.#.#### #
##.##........# ##.## ##
########## ###


You could see a troll, an orc warrior, an orc priest and 3 orcs.

Vanquished Creatures
  A death knight (D:10)
  A two-headed ogre (D:10)
  An unseen horror (D:10)
  A manticore (D:10)
  3 centaur zombies (D:10)
  3 cyclopes
  A centaur skeleton (D:10)
  A tengu conjurer (D:10)
  A merfolk (D:9)
  A hippogriff (D:10)
  The ghost of topfpfpflanze the Magician, an amateur OpWz of Vehumet (D:5)
  A hungry ghost (D:10)
  A vampire mosquito (D:10)
  Menkaure (D:7)
  Edmund (D:5)
  A water moccasin (D:9)
  4 orc warriors
  2 ice beasts
  A black bear (D:10)
  2 necrophages
  2 phantoms
  7 centaurs
  5 ogres
  2 bullfrogs
  A gnoll sergeant (D:10)
  6 killer bees (D:7)
  5 scorpions
  4 howler monkeys
  5 crimson imps
  2 jellies
  2 bullfrog skeletons
  6 hounds
  5 orc priests
  An iguana (D:6)
  2 orc wizards
  8 worker ants
  A killer bee zombie (D:6)
  A hound skeleton (D:5)
  2 hound zombies (D:6)
  4 worker ant zombies
  2 howler monkey skeletons (D:5)
  11 adders
  3 shadow imps (D:10)
  An ooze (D:1)
  An adder skeleton (D:6)
  A worm (D:8)
  2 dart slugs
  8 leopard geckos
  19 orcs
  4 giant cockroaches
  13 goblins
  4 hobgoblins
  8 jackals
  3 kobolds (D:1)
  4 quokkas
  A ball python (D:2)
  5 bats
  3 frilled lizards (D:1)
  A leopard gecko zombie (D:5)
  9 rats
203 creatures vanquished.

Notes
Turn   | Place    | Note
-------+----------+-------------------------------------------
     0 | D:1      | palmtree the Minotaur Berserker began the quest for the
                  | Orb.
     0 | D:1      | Reached XP level 1. HP: 19/19 MP: 0/0
   372 | D:1      | Reached XP level 2. HP: 27/27 MP: 1/1
   376 | D:1      | Reached skill level 4 in Maces & Flails
   967 | D:1      | Reached XP level 3. HP: 33/33 MP: 2/2
  1536 | D:2      | Reached ** piety under Trog
  1686 | D:2      | Found a radiant altar of Vehumet.
  1688 | D:2      | Found a burning altar of Makhleb.
  1689 | D:2      | Found a glowing silver altar of Zin.
  1775 | D:2      | Reached XP level 4. HP: 39/41 MP: 3/3
  2059 | D:3      | Found a sparkling altar of Nemelex Xobeh.
  2343 | D:3      | You fall through a shaft for 2 floors!
  2343 | D:5      | Entered Level 5 of the Dungeon
  2368 | D:5      | Reached skill level 5 in Maces & Flails
  2387 | D:5      | Found a runed translucent gate.
  2387 | D:5      | Found a runed translucent gate.
  2387 | D:5      | Found a runed translucent gate.
  2388 | D:5      | Noticed topfpfpflanze's ghost (amateur OpWz)
  2447 | D:5      | Found a staircase to the Ecumenical Temple.
  2467 | D:5      | Noticed Edmund
  2491 | D:5      | Killed Edmund
  2491 | D:5      | Reached XP level 5. HP: 25/47 MP: 4/4
  3137 | D:5      | Reached skill level 6 in Maces & Flails
  3222 | D:5      | Noticed a phantom
  3225 | D:5      | Noticed a centaur
  3228 | D:5      | Killed a centaur
  3228 | D:5      | Reached XP level 6. HP: 51/55 MP: 5/5
  3252 | D:5      | Reached skill level 5 in Fighting
  3252 | D:5      | Reached skill level 5 in Armour
  3336 | D:5      | Found Qerchac's Book Boutique.
  3503 | D:5      | Reached skill level 7 in Maces & Flails
  3625 | D:5      | Killed topfpfpflanze's ghost
  3625 | D:5      | Reached XP level 7. HP: 49/61 MP: 6/6
  3849 | D:6      | Reached skill level 8 in Maces & Flails
  4133 | D:6      | Reached *** piety under Trog
  4133 | D:6      | Reached XP level 8. HP: 64/69 MP: 7/7
  4180 | D:6      | Reached skill level 9 in Maces & Flails
  4248 | D:6      | Found a hide-covered altar of Uskayaw.
  4252 | D:6      | Found an ancient bone altar of Kikubaaqudgha.
  4358 | D:6      | Found an iron altar of Okawaru.
  4657 | D:6      | Found a sacrificial altar of Ru.
  4994 | D:7      | Reached skill level 10 in Maces & Flails
  5042 | D:7      | Noticed Menkaure
  5049 | D:7      | Killed Menkaure
  5360 | D:7      | Reached XP level 9. HP: 78/78 MP: 8/8
  5731 | D:8      | Reached skill level 11 in Maces & Flails
  6110 | D:8      | Found a snail-covered altar of Cheibriados.
  6218 | D:8      | Found a glowing golden altar of the Shining One.
  7417 | D:9      | Reached skill level 12 in Maces & Flails
  7735 | D:9      | Noticed a cyclops
  7747 | D:9      | Killed a cyclops
  8342 | D:9      | Reached **** piety under Trog
  8370 | D:9      | Found a staircase to the Lair.
  8402 | D:9      | Found a shadowy altar of Dithmenos.
  8576 | D:9      | Noticed a merfolk
  8592 | D:9      | Killed a merfolk
  8664 | D:10     | Entered Level 10 of the Dungeon
  8700 | D:10     | Noticed a tengu conjurer
  8700 | D:10     | Noticed a two-headed ogre
  8705 | D:10     | Killed a two-headed ogre
  8705 | D:10     | Reached XP level 10. HP: 89/89 MP: 9/9
  8709 | D:10     | Reached skill level 13 in Maces & Flails
  9000 | D:10     | Reached skill level 10 in Armour
  9012 | D:10     | Noticed a death knight
  9023 | D:10     | Killed a death knight
  9389 | D:10     | Killed an unseen horror
  9747 | D:10     | Noticed a cyclops
  9748 | D:10     | Noticed a cyclops
  9758 | D:10     | Reached skill level 14 in Maces & Flails
  9775 | D:10     | Killed a cyclops
  9780 | D:10     | Killed a cyclops
  9780 | D:10     | Reached XP level 11. HP: 15/97 MP: 10/10
 10424 | D:10     | Reached skill level 5 in Dodging
 10693 | D:10     | Reached skill level 10 in Fighting
 10712 | D:10     | Slain by an orc warrior

Skill      XL: |  1  2  3  4  5  6  7  8  9 10 11 |
---------------+----------------------------------+-----
Maces & Flails | 4 5 6 7 8 10 12 14 | 14.4
Fighting       | 4 5 6 8 9 10 | 10.0
Armour         | 3 4 5 6 8 9 10 11 | 11.0
Dodging        | 3 4 5 |  5.3

Action                   |  1- 3 |  4- 6 |  7- 9 | 10-12 || total
-------------------------+-------+-------+-------+-------++-------
Melee: Mace              |    74 |    44 |       |       ||   118
       Headbutt          |    11 |    22 |    47 |    45 ||   125
       Dire flail        |       |    46 |   293 |   173 ||   512
Invok: Berserk           |       |     1 |     3 |     2 ||     6
  Use: Scroll            |       |       |     7 |     1 ||     8
  Eat: Chunk             |     3 |     1 |    13 |     4 ||    21
       Ration            |       |     1 |     2 |     3 ||     6
Armor: Animal skin       |     4 |       |       |       ||     4
       Plate armour      |    26 |    61 |   152 |   120 ||   359
Dodge: Dodged            |    47 |    31 |    98 |    71 ||   247
